Map: Emerald City LE

Players

Mesrob

  • Race: Terran Terran
  • League: Gold
  • Spawn Location: 5:00

Subwaymaker

  • Race: Protoss Protoss
  • League: Silver
  • Spawn Location: 5:00

Methyle

  • Race: Terran Terran
  • League: Gold
  • Spawn Location: 11:00

Petrocules

  • Race: Terran Terran
  • League: Silver
  • Spawn Location: 11:00

VOD

Have the link to the VOD?

Description

Time

  • Played on: Jan. 16, 2019, 6:51 p.m.
  • Length: 4:50
Show
View Real Time Build Order
Export as new Build Order

Mesrob Terran 

Build Orders: 2 Factory 

Get SALT Encoding   

  12  0:00  SCV  
  13  0:12  SCV  
  14  0:19  Supply Depot  
  14  0:24  SCV  
  15  0:40  SCV  
  15  0:42  Barracks  
  16  0:54  SCV  
  17  1:06  SCV  
  17  1:08  Refinery  
  19  1:29  Orbital Command  
  19  1:31  Marine  
  19  1:33  Command Center  
  19  2:11  Refinery  
  19  2:14  Factory  
  19  2:24  Barracks Tech Lab  
  19  2:26  SCV  
  20  2:38  SCV  
  21  2:48  Orbital Command, Bunker  
  21  2:50  SCV  
  22  3:02  Factory, SCV  
  23  3:14  Command Center, SCV  
  24  3:23  Siege Tank  
  27  3:30  Refinery  
  27  3:35  Engineering Bay  
  27  3:39  SCV  
  28  3:51  SCV  
  28  3:53  Factory Reactor  
  29  4:03  SCV  
  29  4:06  Armory  
  26  4:20  Marine  
Show
View Real Time Build Order
Export as new Build Order

Subwaymaker Protoss 

Build Orders: Oracle Opening 

Get SALT Encoding   

  12  0:09  Probe  
  13  0:17  Probe  
  13  0:22  Pylon  
  13  0:27  Assimilator  
  14  0:37  Probe  
  15  0:49  Probe  
  16  0:53  Gateway  
  16  0:58  Probe  
  17  1:06  Probe  
  17  1:09  Pylon  
  18  1:16  Probe  
  19  1:28  Probe  
  20  1:42  Cybernetics Core  
  20  1:44  Forge  
  20  1:49  Assimilator  
  20  1:51  Probe  
  20  1:52  Pylon  
  21  2:03  Probe, Zealot  
  24  2:13  Probe  
  25  2:21  Probe  
  26  2:38  Stargate  
  26  2:42  Nexus  
  26  2:46  Pylon  
  26  2:48  Probe  
  27  2:54  Sentry  
  29  3:26  Pylon  
  29  3:28  Pylon  
  29  3:30  Assimilator, Oracle  
  32  3:38  Probe  
  32  3:46  Probe  
  33  3:53  Photon Cannon  
  34  3:55  Probe  
  34  3:56  Photon Cannon  
  34  3:59  Probe  
  36  4:07  Probe x2  
  38  4:19  Probe  
  32  4:44  Gateway  
  31  4:48  Gateway  
Show
View Real Time Build Order
Export as new Build Order

Methyle Terran 

Build Orders:  

Get SALT Encoding   

  12  0:01  SCV  
  13  0:13  SCV  
  14  0:17  Supply Depot  
  14  0:25  SCV  
  15  0:39  SCV  
  15  0:40  Barracks  
  16  0:51  SCV  
  16  0:54  Barracks  
  17  1:03  SCV  
  18  1:09  Barracks  
  18  1:15  SCV  
  19  1:27  Orbital Command  
  19  1:29  Marine  
  20  1:37  Barracks  
  20  1:42  Marine  
  21  1:55  SCV  
  21  1:56  Marine  
  23  2:11  Supply Depot  
  23  2:25  Supply Depot  
  23  2:29  Supply Depot  
  23  2:33  Marine x4, SCV  
  28  2:45  SCV  
  28  2:47  Barracks  
  28  2:49  Barracks  
  28  2:50  Marine, Supply Depot  
  30  2:53  Marine x2  
  32  3:06  Marine  
  32  3:08  Marine  
  32  3:10  Marine x2  
  36  3:15  SCV  
  37  3:20  Supply Depot  
  37  3:24  Marine  
  37  3:26  Marine  
  39  3:27  SCV  
  39  3:28  Marine  
  39  3:30  Supply Depot  
  39  3:33  Marine  
  42  3:37  Marine  
  42  3:38  Marine  
  42  3:39  SCV  
  45  3:42  Marine  
  45  3:44  Marine  
  45  3:47  Marine  
  48  3:50  Marine  
  48  3:52  SCV  
  48  3:55  Marine  
  50  3:56  Marine  
  50  4:00  Marine  
  50  4:02  Marine  
  54  4:04  SCV  
  54  4:05  Marine  
Show
View Real Time Build Order
Export as new Build Order

Petrocules Terran 

Build Orders:  

Get SALT Encoding   

  12  0:01  SCV  
  13  0:13  SCV  
  14  0:19  Supply Depot  
  14  0:25  SCV  
  15  0:40  SCV  
  16  0:48  Barracks  
  16  0:52  SCV  
  17  1:05  SCV  
  17  1:07  Barracks  
  18  1:17  SCV  
  19  1:25  Barracks  
  19  1:29  SCV  
  20  1:53  Orbital Command, Barracks  
  20  2:00  Barracks  
  20  2:04  Marine  
  20  2:05  Marine  
  22  2:16  Supply Depot  
  22  2:22  Marine  
  23  2:23  Supply Depot  
  23  2:36  Supply Depot  
  23  2:37  Marine x2  
  23  2:39  Supply Depot  
  25  2:47  Marine  
  25  2:48  Marine x2  
  28  2:55  Marine x2  
  30  3:05  Marine x2  
  30  3:06  Marine  
  33  3:13  Marine x2  
  35  3:21  SCV  
  35  3:23  Marine x2  
  35  3:24  Marine  
  39  3:28  Supply Depot  
  39  3:30  Marine x2  
  39  3:33  SCV  
  42  3:41  Marine x3  
  42  3:43  Supply Depot  
  42  3:45  SCV  
  46  3:48  Marine x2  
  48  3:59  Marine x3  
  51  4:06  Marine x2  
  52  4:16  Marine  
  46  4:17  Marine x2  
  46  4:24  Marine x2  
Tags
 
Add a new tag
Caveats
  • Supply blocks, unpowered buildings, or Contaminate may cause inaccurate times.
  • Supply counts are checked every 10 seconds.